Unix NetHack Version 3.7.0-102 Work-in-progress - last build Apr 6 2024 13:22:21 (d302a6a9ff6341f1a922d8f5af178406b35fdf99,branch:master). Game began 2024-04-17 11:43:46, ended 2024-04-17 12:19:15. Dictyostelium, neutral male human Archeologist ---- ------- --..|----- ---.....| ------- ---|...--.|.-- --- |.......| --..--.------.--.........| --.--|......------.............(.........- |....--......--.|...............|........| |...%.^...........^....--.....----...--..| ----.----....>.............-...[| --.----.-- |.`..| |..--..--......---.....)-- |-| |..| |`---| ----|..|--......||----...| --.----..-- --- |%| .--- ---- |......--..--...--|...||....----..| |`.....| -----............||..--|.....|....-- |......- |.-......--.----.| |...........| |........- ----......-| -- |.---..........-- ...|.....|---- --..........| ----.@q%.........-- -.-----.-|)..-- |...........---|.....--....q--.-- .| --|[%..-----............|--..-----....| -- .| -..|.%.......--.|.....| --- ---.-- -- |..----------------.|.-- --- ---- ----- Dictyostelium the Field Worker St:11 Dx:12 Co:12 In:18 Wi:16 Ch:9 Neutral Dlvl:5 $:34 HP:0(39) Pw:29(29) AC:1 Xp:5/250 T:3719 Latest messages: [HP -3, 10 left] You hit the rothe. You hit the rothe. The rothe hits! [HP -3, 7 left] The rothe bites! [HP -3, 4 left] The rothe just misses! Something is engraved here on the floor. You read: "Elbercth". You hit the rothe. The rothe turns to flee. You stop waiting. You stop waiting. You stop waiting. You stop waiting. You stop waiting. You stop waiting. You stop waiting. You stop waiting. You hit the rothe. The rothe misses! The rothe bites! [HP -3, 16 left] The rothe bites again! [HP -7, 9 left] You hit the rothe. The rothe hits! [HP -2, 7 left] The rothe misses! The rothe bites! [HP -3, 4 left] # What do you want to write with? [- agmADMT or ?*] You write in the dust with your fingertip. The rothe hits! [HP -1, 3 left] The rothe misses! The rothe misses! # What do you want to write with? [- agmADMT or ?*] Do you want to add to the current engraving? [ynq] (y) You wipe out the message that was written in the dust here. You write in the dust with your fingertip. The rothe hits! [HP -1, 2 left] The rothe just misses! The rothe bites! [HP -7, -5 left] You die... Inventory: Coins ('$') $ - 34 gold pieces Weapons (')') m - 2 uncursed -3 orcish daggers a - an uncursed +2 bullwhip A - the uncursed rustproof -1 Giantslayer (alternate weapon; not wielded) Armor ('[') x - a blessed +2 orcish helm (being worn) E - an uncursed +0 pair of iron shoes (being worn) F - a blessed +1 dwarvish cloak (being worn) l - an uncursed +0 studded leather armor (being worn) Comestibles ('%') C - an uncursed apple d - an uncursed food ration Scrolls ('?') Q - a blessed scroll of blank paper P - 3 uncursed scrolls of blank paper G - an uncursed scroll of enchant weapon Potions ('!') t - 2 uncursed potions of water Rings ('=') T - an uncursed ring of cold resistance Tools ('(') h - an uncursed sack containing 2 items W - an uncursed lock pick S - an uncursed magic whistle i - an uncursed oil lamp e - an uncursed +0 pick-axe (weapon in right hand) Gems/Stones ('*') D - an uncursed worthless piece of white glass M - an uncursed worthless piece of yellowish brown glass g - an uncursed touchstone Contents of the sack: an uncursed scroll of enchant armor an uncursed scroll of identify Dictyostelium the Archeologist's attributes: Background: You were a Field Worker, a level 5 male human Archeologist. You were neutral, on a mission for Camaxtli who was opposed by Quetzalcoatl (lawful) and Huhetotl (chaotic). You were right-handed. You were in the Gnomish Mines, on level 5. You entered the dungeon 3719 turns ago. You had 250 experience points, 70 more were needed to attain level 6. Basics: You had 0 out of 39 hit points. You had all 29 energy points (spell power). Your armor class was 1. Your wallet contained 34 zorkmids. Autopickup was on for '$%?!"=/*' plus thrown, with exceptions. Final Characteristics: Your strength was 11 (limit:18/100). Your dexterity was 12 (limit:18). Your constitution was 12 (limit:18). Your intelligence was 18 (limit:18). Your wisdom was 16 (limit:18). Your charisma was 9 (limit:18). Final Status: You weren't hungry. You were unencumbered. You were wielding a pick-axe. You had basic skill with pick-axe. Final Attributes: You were piously aligned. Your items were somewhat protected from fire. Your items were somewhat protected from cold. You had automatic searching. You were stealthy. You were warded. You are dead. Miscellaneous: You never encountered a bones level. Total elapsed playing time was 35 minutes and 28 seconds. Major events: Turn 1: Dictyostelium the neutral male human Archeologist entered the dungeon 1973: attained the rank of Field Worker (level 3) 2006: was bestowed with Giantslayer by Camaxtli 2145: entered the Gnomish Mines 2776: was bestowed with Trollsbane by Camaxtli 3719: killed by a rothe Vanquished creatures: a gnome leader a gnomish wizard a paper golem 4 dwarves a homunculus a kobold leader 3 rothes an iguana a large kobold a hobgoblin 14 gnomes a gecko 5 jackals 2 kobolds 2 goblins 2 sewer rats 6 grid bugs 3 lichens 3 kobold zombies 10 newts 63 creatures vanquished. No species were genocided or became extinct. Voluntary challenges: You read items or engraved 20 times. You engraved Elbereth 9 times. You never genocided any monsters. You never polymorphed an object. You never changed form. You used no wishes. Achievements: You entered a shop. You attained the rank of Field Worker. You entered the Gnomish Mines. The Dungeons of Doom: levels 1 to 3 Level 1: An altar to Camaxtli, some fountains. Level 2: A fountain. Level 3: Stairs down to The Gnomish Mines. The Gnomish Mines: levels 4 to 6 Level 4: Level 5: <- You were here. Final resting place for you, killed by a rothe. Level 6: Game over: ---------- / \ / REST \ / IN \ / PEACE \ / \ | Dictyostelium | | 34 Au | | killed by a | | rothe | | | | | | 2024 | *| * * * | * _________)/\\_//(\/(/\)/\//\/|_)_______ Goodbye Dictyostelium the Archeologist... You died in The Gnomish Mines on dungeon level 5 with 1291 points, and 34 pieces of gold, after 3719 moves. You were level 5 with a maximum of 39 hit points when you died.